 Dungeon Crawl Stone Soup version 0.29.1-15-g9cfb28693d (webtiles) character file.

Game seed: 15828867923203464795

42599 Smoke131 the Bewitcher (level 13, -3/55 HPs)
             Began as a Spriggan Enchanter on Mar 1, 2023.
             Was an Elder of Dithmenos.
             Slain by a catoblepas (10 damage)
             ... while petrified by a catoblepas
             ... on level 5 of the Lair of Beasts.
             The game lasted 01:06:42 (22459 turns).

Smoke131 the Bewitcher (Spriggan Enchanter)        Turns: 22459, Time: 01:06:43

Health: -3/55      AC:  7    Str:  4    XL:     13   Next: 86%
Magic:  8/21       EV:  4    Int: 17    God:    Dithmenos [****..]
Gold:   899        SH:  0    Dex: 20    Spells: 11/22 levels left

rFire   + . .      SeeInvis +   B - +4 dagger
rCold   . . .      Faith    .   (no shield)
rNeg    + + +      Spirit   .   F - +0 troll leather armour
rPois   ∞          Reflect  .   I - +1 hat
rElec   .          Harm     .   o - +1 cloak
rCorr   +          Rampage  .   (gloves unavailable)
Will    ++...                   (boots unavailable)
Stlth   +++++++++.              f - amulet of the acrobat
HPRegen 0.98/turn               h - ring of resist corrosion
MPRegen 0.17/turn               s - ring of protection from fire

@: confusing by touch, petrified, wreathed by umbra, very quick
A: very small, no large weapons, unfitting armour, see invisible, speed 3
a: Renounce Religion, Shadow Step


You were on level 5 of the Lair of Beasts.
You worshipped Dithmenos.
Dithmenos was greatly pleased with you.
You visited 3 branches of the dungeon, and saw 17 of its levels.

You collected 899 gold pieces.

Inventory:

Hand Weapons
 a - a +2 long sword of electrocution
 u - a +2 dagger of holy wrath
 B - a +4 dagger (weapon)
 C - a +1 dagger of speed
Missiles
 n - 3 throwing nets (quivered)
Armour
 o - a +1 cloak (worn)
 F - a +0 troll leather armour (worn)
 I - a +1 hat (worn)
Jewellery
 b - a +6 ring of strength
 f - an amulet of the acrobat (around neck)
 g - a ring of willpower
 h - a ring of resist corrosion (left hand)
 s - a ring of protection from fire (right hand)
 E - a ring of willpower
 G - a +4 ring of protection
 Q - a +4 ring of slaying
Wands
 q - a wand of flame (24)
 w - a wand of acid (1)
 x - a wand of polymorph (17)
 y - a wand of paralysis (26)
 J - a wand of mindburst (3)
Scrolls
 e - 6 scrolls of teleportation
 j - 3 scrolls of enchant armour
 m - 4 scrolls of fog
 v - 4 scrolls of blinking
 A - a scroll of torment
 H - a scroll of vulnerability
 L - 2 scrolls of magic mapping
 M - 2 scrolls of amnesia
 O - a scroll of summoning
 P - a scroll of identify
Potions
 c - 6 potions of invisibility
 d - a potion of lignification
 i - 5 potions of heal wounds
 k - 13 potions of curing
 l - 4 potions of flight
 p - 7 potions of brilliance
 r - a potion of resistance
 t - 3 potions of mutation
 z - 3 potions of might
 D - 3 potions of haste
 K - a potion of ambrosia
 N - a potion of attraction {unknown}


   Skills:
 - Level 10.0 Short Blades
 - Level 10.0 Dodging
 + Level 13.6 Stealth
 - Level 5.0 Spellcasting
 - Level 15.0 Hexes
 - Level 10.0 Ice Magic
 - Level 10.0 Invocations


You had 11 spell levels left.
You knew the following spells:

 Your Spells              Type           Power      Damage    Failure   Level
a - Ensorcelled Hibernat  Hex/Ice        92%        N/A       1%          2
b - Confusing Touch       Hex            53%        N/A       1%          3
c - Tukima's Dance        Hex            53%        N/A       1%          3
d - Dazzling Flash        Conj/Hex       58%        N/A       3%          3

Your spell library contained the following spells:

 Spells                   Type           Power      Damage    Failure   Level
 Ozocubu's Armour         Ice            38%        N/A       1%          3
 Anguish                  Hex/Necr       14%        N/A       12%         4
 Fulminant Prism          Conj/Hex       14%        3d9       12%         4
 Leda's Liquefaction      Hex/Erth       14%        N/A       12%         4
 Beastly Appendage        Tmut           8%         N/A       26%         1
 Magic Dart               Conj           16%        1d3       26%         1
 Necrotise                Necr           16%        1d4       26%         1
 Call Imp                 Summ           4%         N/A       36%         2
 Searing Ray              Conj           8%         2d4       36%         2
 Wereblood                Tmut           4%         N/A       36%         2
 Conjure Flame            Conj/Fire      4%         6-21      58%         3
 Ignite Poison            Fire/Tmut/Pois 4%         N/A       58%         3
 Mephitic Cloud           Conj/Pois/Air  4%         N/A       58%         3
 Spider Form              Tmut/Pois      4%         N/A       58%         3
 Vampiric Draining        Necr           4%         2d6       58%         3
 Freezing Cloud           Conj/Ice/Air   7%         6-21      88%         5
 Corpse Rot               Necr/Pois/Air  4%         N/A       94%         4
 Iskenderun's Mystic Bla  Conj/Tloc      4%         2d3       94%         4
 Sticky Flame             Conj/Fire      4%         2d3       94%         4
 Ozocubu's Refrigeration  Ice            19%        4d11      98%         7
 Agony                    Necr           4%         N/A       100%        5
 Irradiate                Conj/Tmut      2%         3d12      100%        5
 Lee's Rapid Deconstruct  Erth           2%         3d5*      100%        5
 Iron Shot                Conj/Erth      2%         9d2       100%        6
 Starburst                Conj/Fire      2%         6d3       100%        6
 Statue Form              Tmut/Erth      2%         N/A       100%        6


Dungeon Overview and Level Annotations

Branches:
Dungeon (11/15)            Temple (1/1) D:6            Lair (5/5) D:11
 Shoals (0/4) Lair:3        Snake (0/4) Lair:2        Slime (0/5) Lair:5
    Orc (0/2) D:11

Altars:
Ashenzari
Cheibriados
Dithmenos
Elyvilon
Fedhas
Gozag
Hepliaklqana
Kikubaaqudgha
Makhleb
Nemelex Xobeh
Okawaru
Qazlal
Trog
Uskayaw
Vehumet
Wu Jian
Xom
Yredelemnul
Zin
The Shining One
Jiyva

Shops:
D:2 *   D:10 *

Annotations:
Temple 2 transporters
Lair:1 2 transporters, Ciasar's ghost, journeyman HOFi


Innate Abilities, Weirdness & Mutations

You are very small and have problems with some larger weapons.
You are too small for most types of armour.
You have supernaturally acute eyesight. (SInv)
You cover ground extremely quickly. (Speed+++)


Message History

The blast of calcifying dust hits the plant!
The plant begins to die.
The death yak is engulfed in calcifying dust.
The helpless death yak fails to defend itself.
You spit the death yak like a pig!!!!
The death yak is severely wounded.
You are engulfed in calcifying dust.
You are slowing down.
The plant is engulfed in calcifying dust. x2
The plant turns to stone!
The plant is engulfed in calcifying dust.
The plant turns to stone!
The plant is engulfed in calcifying dust.
The death yak is engulfed in calcifying dust.
You see here a wolf corpse.
The helpless death yak fails to defend itself.
You stick the death yak like a pincushion!!!!
You kill the death yak!
Dithmenos accepts your kill.
The plant is engulfed in calcifying dust. x2
Your limbs are stiffening.
Casting: Ensorcelled Hibernation (safe; 1% risk of failure)
Confirm with . or Enter, or press ? or * to list all spells.
Your hands begin to glow red.
The plant is engulfed in calcifying dust. x2
A nearby plant withers and dies.
The catoblepas gores you!!
The catoblepas breathes a plume of calcifying dust at you.
The blast of calcifying dust hits you!
You have turned to stone.
You are engulfed in calcifying dust.
The plant is engulfed in calcifying dust.
A nearby plant withers and dies.
The catoblepas barely misses you.
You are engulfed in calcifying dust.
The catoblepas gores you!!
* * * LOW HITPOINT WARNING * * *
You are engulfed in calcifying dust.
The catoblepas barely misses you.
You are engulfed in calcifying dust.
The catoblepas gores you!!
* * * LOW HITPOINT WARNING * * *
You are engulfed in calcifying dust.
The death yak is no longer petrified.
The catoblepas barely misses you.
You are engulfed in calcifying dust.
The catoblepas gores you!!
You die...

# #...##P.# #..# ..÷ #...#
...# .8 ##...# ...## .
#..P.# ....# ###...##
....## #####P.Y..#
.....########.......P##
.......##....†..Y..P###
.....÷........†.@.###.#
......####.......###.##
.....### ###....####.#
P..###.############..##
..##......#### ###.#..##
.####.....#PP###.......###
.# ###......P#(#........#
## ####..........PP..## #
#.........##.P..#


You could see a death yak and a catoblepas.

Vanquished Creatures
  Gastronok (Lair:2)
  Nessos (Lair:3)
  Snorg (Lair:3)
  A hydra (D:11)
  Harold (Lair:2)
  A boulder beetle (Lair:5)
  Erolcha (D:9)
  2 catoblepae
  Erica (D:11)
  2 two-headed ogres
  6 death yaks
  Sonja (Lair:2)
  The ghost of Thatpatchoflichen the Slasher, a novice HuGl (D:5)
  Pikel (D:7)
  2 manticores
  An ugly thing (D:11)
  3 oklob plants
  A cyclops (D:11)
  16 elephants
  Joseph (D:7)
  A torpor snail (Lair:4)
  8 black mambas
  A gargoyle (D:11)
  5 cane toads
  5 komodo dragons
  A rime drake (Lair:1)
  A kobold demonologist (D:11)
  2 trolls (D:10)
  A hornet (D:9)
  A wind drake (Lair:3)
  7 dream sheep
  10 blink frogs
  A wraith (D:10)
  2 wyverns (D:9)
  30 yaks
  3 shadows
  6 basilisks
  2 steam dragons (D:8)
  A naga (Lair:2)
  7 water moccasins
  A sky beast (D:6)
  4 orc warriors
  4 centaurs
  9 wolves
  A phantom (D:4)
  A lemure (D:7)
  3 bullfrogs (Lair:2)
  6 kobold brigands
  2 necrophages
  7 scorpions
  14 killer bees
  A howler monkey (D:5)
  A jelly (D:6)
  A hound (D:5)
  7 orc priests
  Crazy Yiuf (D:2)
  2 iguanas
  5 orc wizards (D:7)
  12 adders
  4 gnolls (D:2)
  2 shadow imps (D:6)
  A white imp (D:7)
  3 ufetubi
  3 worms
  3 dart slugs
  28 orcs
  7 bats
  9 endoplasms
  3 giant cockroaches
  10 goblins
  6 hobgoblins
  4 jackals (D:1)
  35 kobolds
  A quokka (D:4)
  11 ball pythons
  2 frilled lizards
  5 rats
359 creatures vanquished.

Vanquished Creatures (others)
  18 fungi
  17 plants
35 creatures vanquished.

Grand Total: 394 creatures vanquished

Notes
Turn   | Place    | Note
-------+----------+-------------------------------------------
     0 | D:1      | Smoke131 the Spriggan Enchanter began the quest for the
                  | Orb.
     0 | D:1      | Reached XP level 1. HP: 9/9 MP: 5/5
     3 | D:1      | You fall into a shaft and drop 1 floor!
   290 | D:1      | Reached XP level 2. HP: 10/13 MP: 6/6
   315 | D:1      | Learned a level 2 spell: Ensorcelled Hibernation
  1217 | D:2      | Reached XP level 3. HP: 10/16 MP: 1/8
  1346 | D:2      | Found Beeguowk's Assorted Antiques.
  1390 | D:2      | Reached skill level 4 in Hexes
  1631 | D:2      | Reached skill level 5 in Stealth
  2276 | D:2      | Reached XP level 4. HP: 17/21 MP: 3/10
  2326 | D:2      | Learned a level 3 spell: Confusing Touch
  2599 | D:2      | Found a runed translucent door.
  2600 | D:2      | Noticed Crazy Yiuf
  2605 | D:2      | Killed Crazy Yiuf
  3031 | D:3      | Reached XP level 5. HP: 24/24 MP: 6/11
  3755 | D:3      | Found a burning altar of Makhleb.
  3768 | D:3      | Found a blossoming altar of Fedhas.
  3779 | D:3      | Found a broken altar of Ashenzari.
  3785 | D:3      | Found a bloodstained altar of Trog.
  3792 | D:3      | Found a radiant altar of Vehumet.
  3800 | D:3      | Found an ancient bone altar of Kikubaaqudgha.
  3816 | D:3      | Found a snail-covered altar of Cheibriados.
  4374 | D:4      | Noticed a phantom
  4417 | D:4      | Killed a phantom
  4418 | D:4      | Reached skill level 5 in Hexes
  4418 | D:4      | Reached XP level 6. HP: 15/28 MP: 10/13
  4831 | D:4      | Found a sparkling altar of Nemelex Xobeh.
  4831 | D:4      | Found an opulent altar of Gozag.
  5258 | D:4      | Learned a level 3 spell: Tukima's Dance
  5312 | D:5      | Entered Level 5 of the Dungeon
  5679 | D:5      | Reached XP level 7. HP: 32/32 MP: 11/14
  5718 | D:5      | Reached skill level 5 in Dodging
  5872 | D:5      | Got the Textbook on Bolts and the Mountains
  6094 | D:5      | Found a runed translucent gate.
  6094 | D:5      | Found a runed translucent gate.
  6097 | D:5      | Found a runed translucent gate.
  6100 | D:5      | Noticed Thatpatchoflichen's ghost (novice HuGl)
  6161 | D:5      | Identified the +0 ring mail of the Moon {rPois Int-3
                  | Stlth+}
  6403 | D:5      | Reached skill level 1 in Ice Magic
  7072 | D:5      | Killed Thatpatchoflichen's ghost
  7073 | D:5      | Reached skill level 5 in Spellcasting
  7073 | D:5      | Reached skill level 6 in Hexes
  7073 | D:5      | Reached XP level 8. HP: 28/36 MP: 12/16
  8035 | D:6      | Identified the +8 spear "Xoini" {freeze, rPois rC+ Dex-3}
  8167 | D:6      | Found a staircase to the Ecumenical Temple.
  8173 | Temple   | Entered the Ecumenical Temple
  8173 | Temple   | Found a transporter.
  8173 | Temple   | Found a transporter.
  8175 | Temple   | Found a transporter.
  8175 | Temple   | Found a transporter.
  8187 | Temple   | Became a worshipper of Dithmenos the Shadowed
  8429 | D:7      | Reached skill level 5 in Short Blades
  8463 | D:7      | Reached skill level 7 in Hexes
  8741 | D:7      | Noticed Joseph
  8767 | D:7      | Reached * piety under Dithmenos
  8794 | D:7      | Killed Joseph
  8795 | D:7      | Reached XP level 9. HP: 11/39 MP: 4/17
  9132 | D:7      | Got the Grimoire of Crystalline Death
  9534 | D:7      | Noticed Pikel
  9804 | D:7      | Killed Pikel
  9805 | D:7      | Reached skill level 10 in Stealth
  9987 | D:7      | Reached skill level 8 in Hexes
 10245 | D:7      | Learned a level 3 spell: Dazzling Flash
 11408 | D:8      | Reached ** piety under Dithmenos
 11766 | D:8      | Reached XP level 10. HP: 30/44 MP: 0/18
 12365 | D:9      | Noticed Erolcha
 12493 | D:9      | Reached skill level 5 in Ice Magic
 12505 | D:9      | Killed Erolcha
 12506 | D:9      | Reached skill level 9 in Hexes
 12718 | D:9      | Noticed a two-headed ogre
 12729 | D:9      | Killed a two-headed ogre
 12730 | D:9      | Reached skill level 10 in Dodging
 12730 | D:9      | Reached skill level 10 in Hexes
 13125 | D:10     | Entered Level 10 of the Dungeon
 13286 | D:10     | Found Weatrif's Mayhem Merchandise.
 13562 | D:10     | Reached skill level 1 in Invocations
 13694 | D:10     | Reached XP level 11. HP: 47/47 MP: 19/19
 13808 | D:10     | Reached skill level 11 in Hexes
 13934 | D:11     | Noticed a seven-headed hydra
 13940 | D:11     | Killed a seven-headed hydra
 13994 | D:11     | Found a staircase to the Lair.
 13994 | D:11     | Noticed an oklob plant
 14005 | D:11     | Found a staircase to the Orcish Mines.
 14006 | D:11     | Noticed an oklob plant
 14228 | D:11     | Noticed a two-headed ogre
 14246 | D:11     | Killed a two-headed ogre
 14247 | D:11     | Reached skill level 10 in Short Blades
 14488 | D:11     | Noticed a green ugly thing
 14497 | D:11     | Killed a green ugly thing
 14535 | D:11     | Reached skill level 12 in Hexes
 14661 | D:11     | Noticed Erica
 14667 | D:11     | Killed Erica
 14807 | D:11     | Killed an oklob plant
 14808 | D:11     | Reached skill level 5 in Invocations
 14823 | D:11     | Killed an oklob plant
 15125 | Lair:1   | Entered Level 1 of the Lair of Beasts
 15442 | Lair:1   | Reached skill level 13 in Hexes
 15660 | Lair:1   | Found a transporter.
 15675 | Lair:1   | Noticed Ciasar's ghost (journeyman HOFi)
 15788 | Lair:1   | Found a transporter.
 16054 | Lair:1   | Reached *** piety under Dithmenos
 16055 | Lair:1   | Reached XP level 12. HP: 40/51 MP: 7/20
 16555 | Lair:2   | Reached skill level 14 in Hexes
 16608 | Lair:2   | Noticed Gastronok
 16683 | Lair:2   | Killed Gastronok
 16871 | Lair:2   | Found a staircase to the Snake Pit.
 16924 | Lair:2   | Noticed a catoblepas
 16934 | Lair:2   | Killed a catoblepas
 17085 | Lair:2   | Noticed Harold
 17086 | Lair:2   | Found a blossoming altar of Fedhas.
 17092 | Lair:2   | Killed Harold
 17389 | Lair:2   | Noticed Sonja
 17395 | Lair:2   | Killed Sonja
 17396 | Lair:2   | Reached skill level 15 in Hexes
 17737 | Lair:3   | Noticed Nessos
 17742 | Lair:3   | Killed Nessos
 17814 | Lair:3   | Found a staircase to the Shoals.
 17821 | Lair:3   | Reached skill level 10 in Invocations
 17824 | Lair:3   | Noticed Snorg
 17837 | Lair:3   | Killed Snorg
 18411 | Lair:4   | Reached XP level 13. HP: 55/55 MP: 4/21
 20234 | Lair:5   | Entered Level 5 of the Lair of Beasts
 20251 | Lair:4   | Reached **** piety under Dithmenos
 20642 | Lair:5   | Found a viscous altar of Jiyva.
 20643 | Lair:5   | Found a staircase to the Slime Pits.
 21327 | Lair:5   | Reached skill level 10 in Ice Magic
 22459 | Lair:5   | Slain by a catoblepas

Illustrated notes

Levels and vault maps discovered:
D:1:      ncdulo_smallfort, layout_rooms, nrook_mini_backslash,
          minmay_octomino_e4
D:2:      layout_loops_ring, serial_shops, shop, amcnicky_mini_pool_small,
          uniq_crazy_yiuf_cottage
D:3:      minmay_razor_zed, layout_basic, grunt_temple_overflow_octagram
D:4:      layout_loops_ring, grunt_temple_overflow_opulence
D:5:      layout_loops_corners, gammafunk_ghost_nasty_kobolds,
          mrwooster_statue_mirror, chequers_serial_rivers_small_a,
          minmay_misc_feat_ornament, kennysheep_generic_room_12
D:6:      layout_loops_ring, minmay_temple_entry_enclosed_plants
D:7:      old_forge, layout_loops_corners, grunt_decor_cap, minmay_misc_feat_x,
          uniq_joseph, uniq_pikel
D:8:      layout_basic, dreamdust_mushroom_princess, dk_noncrumbling_4,
          centaur_isle
D:9:      layout_rooms, uniq_erolcha
D:10:     layout_loops_ring, minmay_shop_mayhem
D:11:     layout_stronghold, dpeg_oklobed_lair, orc_0_dummy, uniq_erica
Temple:   hellmonk_temple_divided_pantheon
Lair:1:   layout_layer_cave, gammafunk_ghost_berserking_beasts
Lair:2:   layout_regular_city, guppyfry_snake_entry_island, minivault_11,
          tgw_fedhas, uniq_sonja, uniq_gastronok, uniq_harold
Lair:3:   layout_hall_layers, minmay_shoals_entry_beasts, lemuel_fruit_fields,
          lemuel_fruit_tree, uniq_nessos, uniq_snorg
Lair:4:   layout_cave_pods
Lair:5:   grunt_lair_end_beastmaster, layout_layer_cave, slime_entry_1,
          grunt_megastairs_1, uniq_rupert

Skill      XL: |  1  2  3  4  5  6  7  8  9 10 11 12 13 |
---------------+----------------------------------------+-----
Dodging        | 3 4 6 7 8 10 | 10.0
Spellcasting   | 3 4 5 |  5.0
Hexes          | 4 5 6 7 8 10 13 15 | 15.0
Stealth        | 5 6 7 9 10 13 | 13.6
Short Blades   | 2 3 4 5 7 9 10 | 10.0
Ice Magic      | 2 3 4 5 6 10 | 10.0
Invocations    | 1 6 10 | 10.0

Action                   |  1- 3 |  4- 6 |  7- 9 | 10-12 | 13-15 || total
-------------------------+-------+-------+-------+-------+-------++-------
Melee: Dagger            |   150 |   196 |   279 |   361 |   262 ||  1248
       Punch             |       |     2 |     4 |     7 |     4 ||    17
 Cast: Ensorcelled Hiber |     8 |    28 |    61 |   106 |   129 ||   332
       Confusing Touch   |       |     2 |     5 |    13 |    12 ||    32
       Dazzling Flash    |       |       |       |     2 |    11 ||    13
Invok: Shadow Step       |       |       |       |     3 |       ||     3
Evoke: Wand              |       |       |     1 |       |       ||     1
  Use: Scroll            |       |    11 |     6 |     7 |       ||    24
 Stab: Sleeping          |    12 |    27 |    48 |    81 |    53 ||   221
       Confused          |       |     1 |     7 |    19 |     8 ||    35
       Distracted        |       |       |     1 |       |       ||     1
       Invisible         |       |       |       |     4 |     8 ||    12
       Petrified         |       |       |       |       |     2 ||     2
Armor: Robe              |    20 |    22 |    11 |     5 |       ||    58
       Troll leather arm |       |       |       |     7 |    21 ||    28
Dodge: Dodged            |   113 |   149 |   208 |   197 |   229 ||   896
